 Dungeon Crawl Stone Soup version 0.27-a0-797-g27d10ad80f (webtiles) character file.

Game seed: 15238673465048073769

361 Hasart the Chiller (level 6, -5/36 HPs)
             Began as an Octopode Ice Elementalist on Mar 27, 2021.
             Was an Initiate of Gozag.
             Slain by a phantom (8 damage)
             ... on level 4 of the Dungeon.
             The game lasted 00:06:51 (3816 turns).

Hasart the Chiller (Octopode Ice Elementalist)      Turns: 3816, Time: 00:06:52

Health: -5/36      AC:  1    Str:  7    XL:     6   Next: 66%
Magic:  11/11      EV: 14    Int: 19    God:    Gozag
Gold:   85         SH:  5    Dex: 13    Spells: 0/11 levels left

rFire    . . .     SeeInvis .   a - +6 club
rCold    . . .     Faith    .   (no shield)
rNeg     . . .     Spirit   .   (helmet restricted)
rPois    .         Reflect  +   k - amulet of reflection
rElec    .         Harm     .   d - ring of wizardry
rCorr    .         Rampage  .   (no ring)
Will     .....                  (no ring)
Stlth    +++.......             (no ring)
HPRegen  0.12/turn              (no ring)
MPRegen  0.12/turn              (no ring)
                                (no ring)
                                (no ring)

@: no status effects
A: almost no armour, amphibious, 8 rings, camouflage 1, gelatinous body 1,
nimble swimmer 1, tentacles
a: Renounce Religion, Potion Petition, Call Merchant, Bribe Branch


You were on level 4 of the Dungeon.
You worshipped Gozag.
Gozag was noncommittal.
You visited 1 branch of the dungeon, and saw 4 of its levels.

You collected 185 gold pieces.
You spent 33 gold pieces at shops.
You paid 67 gold pieces to Gozag.

Inventory:

Hand Weapons
 a - a +6 club (weapon)
 e - a +0 mace of holy wrath
Jewellery
 d - a ring of wizardry (left tentacle)
 g - an amulet of guardian spirit
 k - an amulet of reflection (around mantle)
Scrolls
 b - a scroll of amnesia {unknown}
 c - a scroll of teleportation
 j - a scroll of vulnerability {unknown}
 l - a scroll of noise {unknown}
Potions
 f - a potion of curing
 h - a potion of lignification {unknown}
 i - a potion of heal wounds {unknown}


   Skills:
 + Level 3.6 Dodging
 - Level 2.6 Stealth
 + Level 3.4 Spellcasting
 + Level 1.3 Summonings
 * Level 6.0 Ice Magic


You couldn't memorise any spells.
You knew the following spells:

 Your Spells              Type           Power      Damage    Failure   Level
a - Freeze                Ice            100%       1d11      1%          1
b - Frozen Ramparts       Ice            52%        1d7       1%          3
c - Summon Ice Beast      Ice/Summ       17%        N/A       13%         4
d - Ozocubu's Armour      Ice            26%        N/A       1%          3

Your spell library contained the following spells:

 Spells                   Type           Power      Damage    Failure   Level
 Summon Small Mammal      Summ           32%        N/A       3%          1
 Animate Skeleton         Necr           6%         N/A       6%          1
 Apportation              Tloc           6%         N/A       6%          1
 Corona                   Hex            3%         N/A       6%          1
 Foxfire                  Conj/Fire      12%        2x1d4     6%          1
 Hailstorm                Conj/Ice       14%        3d5       16%         4
 Conjure Flame            Conj/Fire      3%         6-21      17%         3
 Inner Flame              Hex/Fire       3%         N/A       17%         3
 Sticky Flame             Conj/Fire      3%         2d3       47%         4
 Fireball                 Conj/Fire      1%         3d3       82%         5


Dungeon Overview and Level Annotations

Branches:
Dungeon (4/15)
 Temple: D:4-7

Altars:
Dithmenos
Gozag
Trog
Uskayaw

Shops:
D:1 *?(:(

Annotations:
D:2 Sigmund


Innate Abilities, Weirdness & Mutations

You cannot wear most types of armour.
You are amphibious.
You can wear up to eight rings at the same time.
Your skin changes colour to match your surroundings (Stealth+).
Your rubbery body absorbs attacks. (AC +1, EV +1)
You are stealthy while swimming. (Stealth+)
You have tentacles for arms and can constrict up to eight enemies at once.


Message History

l - a scroll labelled WOSTRA VUEF A phantom comes into view.
Found a scroll labelled UMOSOG JIUMARCH.
Found a stone staircase leading down.
A phantom is nearby!
You see here a scroll labelled UMOSOG JIUMARCH.
There is a stone staircase leading down here.
You closely miss the phantom. Your squeeze misses the phantom.
The phantom closely misses you.
You hit the phantom. You squeeze the phantom.
The phantom is moderately damaged.
The phantom hits you.
The phantom blinks!
You blink.
The phantom hits you!
The phantom blinks!
You blink.
You hit the phantom.
The phantom is heavily damaged.
The phantom closely misses you.
You barely miss the phantom. Your squeeze misses the phantom.
The phantom is heavily damaged.
The phantom hits you!
The phantom blinks!
You blink.
A hobgoblin comes into view.
You sock the phantom!
The phantom is severely damaged.
The phantom closely misses you. The phantom misses you.
You barely miss the phantom.
The phantom is severely damaged.
The phantom hits you.
You thump the phantom!
The phantom is almost destroyed.
The phantom hits you!
* * * LOW HITPOINT WARNING * * *
The phantom blinks!
You blink.
You miss the phantom. Your squeeze misses the phantom.
The phantom is almost destroyed.
The phantom misses you. The phantom closely misses you.
The hobgoblin shouts!
You closely miss the phantom.
The phantom is almost destroyed.
The hobgoblin closely misses you. The phantom hits you!
You die...
Your body crumbles into a pile of gold.

#.# ###### ..# #....# #.#
#....# #.########....#
..[ .......>..# #.#
####.##.### #.######.##?#
...........ยง############
..######.##.....@W......
### #.##.#####g.#####
#.##.# ..# #.##.# ..#
#.##.# ..# #.##.# ..# ###
#.##.# ... ... #.# .##
###


You could see a phantom and a hobgoblin.

Vanquished Creatures
  2 scorpions
  A water moccasin skeleton (D:4)
  An orc priest (D:3)
  Jessica (D:2)
  A gnoll shaman (D:3)
  An orc wizard (D:3)
  A hound skeleton (D:4)
  3 gnolls (D:3)
  An adder (D:3)
  2 worms (D:3)
  2 dart slugs
  5 orcs (D:3)
  3 ball pythons (D:1)
  2 endoplasms
  3 giant cockroaches
  6 goblins
  5 hobgoblins
  3 quokkas
  3 bats
  3 frilled lizards
  A kobold (D:1)
  4 rats
54 creatures vanquished.

Notes
Turn   | Place    | Note
-------+----------+-------------------------------------------
     0 | D:1      | Hasart the Octopode Ice Elementalist began the quest for
                  | the Orb.
     0 | D:1      | Reached XP level 1. HP: 11/11 MP: 3/3
   227 | D:1      | Found Vepik's General Store.
   510 | D:1      | Reached XP level 2. HP: 17/17 MP: 3/5
   604 | D:1      | Found Deagh's Weapon Emporium.
   616 | D:1      | Found Pounu's Antique Weapon Boutique.
   887 | D:1      | Found Totyang's Book Shop.
   900 | D:1      | Found Searonao's Magic Scroll Shoppe.
   908 | D:1      | Bought a scroll of teleportation for 33 gold pieces
  1243 | D:2      | Found a bloodstained altar of Trog.
  1546 | D:2      | Noticed Jessica
  1593 | D:2      | Reached XP level 3. HP: 14/21 MP: 0/6
  1597 | D:2      | Learned a level 3 spell: Frozen Ramparts
  1696 | D:2      | Killed Jessica
  2125 | D:2      | Noticed Sigmund
  2290 | D:3      | Reached XP level 4. HP: 27/27 MP: 7/7
  2353 | D:3      | Reached skill level 5 in Ice Magic
  2358 | D:3      | Reached XP level 5. HP: 17/31 MP: 2/9
  2678 | D:3      | Found a shadowy altar of Dithmenos.
  3039 | D:3      | Learned a level 4 spell: Summon Ice Beast
  3132 | D:3      | Reached XP level 6. HP: 4/36 MP: 3/10
  3431 | D:3      | Learned a level 3 spell: Ozocubu's Armour
  3629 | D:4      | Reached skill level 1 in Summonings
  3709 | D:4      | Reached skill level 6 in Ice Magic
  3747 | D:4      | Found a hide-covered altar of Uskayaw.
  3762 | D:4      | Found an opulent altar of Gozag.
  3773 | D:4      | Became a worshipper of Gozag Ym Sagoz the Greedy
  3816 | D:4      | Slain by a phantom

Illustrated notes

Levels and vault maps discovered:
D:1:      eino_arrival_water_cross, layout_basic, serial_shops,
          nicolae_shop_behind_doors, shop, nicolae_shop_waterfront,
          nicolae_shop_stone, shop
D:2:      layout_loops_corners, lemuel_crystal_altar, uniq_sigmund, uniq_jessica
D:3:      layout_loops_ring, nicolae_dithmenos_shadow_blocks
D:4:      layout_basic, overflow_temple_1_default, grunt_gozag_breadcrumbs

Skill      XL: |  1  2  3  4  5  6 |
---------------+-------------------+-----
Ice Magic      | 5 6 |  6.0
Dodging        | 3 |  3.6
Spellcasting   | 3 |  3.4
Summonings     | 1 |  1.3
Stealth        | |  2.6

Action                   |  1- 3 |  4- 6 || total
-------------------------+-------+-------++-------
Melee: Dagger            |    18 |       ||    18
       Constrict         |     5 |    13 ||    18
       Unarmed           |     2 |       ||     2
       Tentacles         |     2 |     6 ||     8
       Club              |     6 |    56 ||    62
 Cast: Freeze            |    29 |     2 ||    31
       Frozen Ramparts   |     1 |     7 ||     8
  Use: Potion            |       |     2 ||     2
 Stab: Sleeping          |     3 |     5 ||     8
       Distracted        |       |     1 ||     1
Armor: Skin              |     6 |       ||     6
Dodge: Dodged            |    31 |    32 ||    63
Block: Other             |       |     5 ||     5

Table legend: (Time is in decaauts)
 A = Elapsed time spent in this place.
 B = Non-inter-level travel time spent in this place.
 C = Inter-level travel time spent in this place.
 D = Time resting spent in this place.
 E = Time spent auto-exploring this place.
 F = Levels seen in this place.
 G = Mean time per level.
                   A        B        C        D        E       F      G
               +--------+--------+--------+--------+--------+-----+--------+
         Total |   3831 |   3757 |     74 |    528 |   2694 |   4 |  957.8 |
       Dungeon |   3831 |   3757 |     74 |    528 |   2694 |   4 |  957.8 |
               +--------+--------+--------+--------+--------+-----+--------+

Top non-repeatable levels by time:
     D:3: 1443 daAuts
     D:1: 1233 daAuts
     D:2: 951 daAuts
     D:4: 203 daAuts
